 Dungeon Crawl Stone Soup version 0.29-a0-360-g8ed1089bbe (webtiles) character file.

Game seed: 1680028886404195988

78 dolemite99 the Slasher (level 4, -2/35 HPs)
             Began as a Djinni Chaos Knight on Apr 29, 2022.
             Was a Plaything of Xom.
             Slain by Robin
             ... wielding a +3 short sword of venom
              (5 damage)
             ... on level 2 of the Dungeon.
             The game lasted 00:01:45 (1779 turns).

dolemite99 the Slasher (Djinni Chaos Knight)        Turns: 1779, Time: 00:01:45

Health: -2/35      AC:  6    Str: 10 (13) XL:     4   Next: 61%
Gold:   206        EV:  8    Int: 13 (14) God:    Xom [..*...] SH:  0 Dex: 11 (12)

rFire   + + .      SeeInvis .   a - +0 falchion (chaos)
rCold   x . .      Faith    .   (no shield)
rNeg    . . .      Spirit   .   h - +0 scale mail
rPois   ∞          Reflect  .   (no helmet)
rElec   .          Harm     .   (no cloak)
rCorr   .          Rampage  .   (no gloves)
Will    .....                   (boots unavailable)
Stlth   ..........              (no amulet)
HPRegen 0.11/turn               (no ring)
MPRegen 0.00/turn               (no ring)

@: flying, hasted, very quick
A: sickness immunity, fire resistance 2, cold vulnerability 1, float, innate
caster, HP casting, extra vitality 1
a: Renounce Religion


You were on level 2 of the Dungeon.
You worshipped Xom.
You were a toy of Xom.
You visited 1 branch of the dungeon, and saw 2 of its levels.

You collected 206 gold pieces.

Inventory:

Hand Weapons
 a - a +0 falchion of chaos (weapon)
 d - a +0 long sword
Missiles
 f - 26 stones
Armour
 b - a +2 leather armour
 h - a +0 scale mail (worn)
Scrolls
 e - a scroll of noise {unknown}
 i - a scroll of magic mapping {unknown}
Miscellaneous
 c - a piece from Xom's chessboard (inert) (quivered)


   Skills:
 - Level 3.0 Fighting
 + Level 4.6 Long Blades
 - Level 1.0 Armour
 - Level 2.1 Dodging


You had 2 spell levels left.
You knew the following spells:

 Your Spells              Type           Power      Damage    Failure   Level
a - Pain                  Necr           0%         1d4       91%         1
Your spell library was empty.

Dungeon Overview and Level Annotations

Branches:
Dungeon (2/15)

Altars:

Annotations:
D:2 Robin


Innate Abilities, Weirdness & Mutations

You are immune to sickness and miasma.
You are immune to poison.
Your flesh is very heat resistant. (rF++)
You are vulnerable to cold. (rC-)
You float through the air rather than walking.
You learn spells naturally, not from books.
Your magical power is your life essence.
You have superior vitality. (+4 MHP)


Message History

You barely miss the goblin. The goblin hits you with a +0 club.
Robin roars a battlecry!
The goblins go into a battle-frenzy!
The goblin barely misses you.
You hit the goblin.
You kill the goblin!
The goblin hits you but does no damage.
You hit the goblin.
You kill the goblin!
The goblin barely misses you.
The goblin unwields a +0 club.
The goblin wields a +0 hunting sling.
The goblin shoots a sling bullet.
The sling bullet barely misses you.
The sling bullet hits the goblin.
You closely miss the goblin.
The goblin is moderately wounded.
The goblin hits you but does no damage.
The goblin shoots a sling bullet.
The sling bullet hits you but does no damage.
The goblin hits you but does no damage.
The goblin unwields a +0 hunting sling.
The goblin wields a +0 club.
The goblin hits you but does no damage. Robin throws the goblin at you!
Things that are here:
a +0 dagger; a +0 hunting sling; a goblin corpse The goblin unwields a +0 club.
The goblin wields a +0 hunting sling.
The goblin shoots a sling bullet.
The sling bullet hits you.
Robin hits you with a +3 short sword of venom.
* * * LOW HITPOINT WARNING * * *
You closely miss Robin. Robin barely misses you.
You hit Robin but do no damage.
The goblin unwields a +0 hunting sling.
The goblin wields a +0 club.
The goblin hits you with a +0 club.
* * * LOW HITPOINT WARNING * * *
Robin hits you but does no damage.
It was a potion of degeneration.
There was something very wrong with that liquid.
You feel weakened.
You feel dopey.
You feel clumsy. The goblin closely misses you. Robin closely misses you.
It was a potion of haste.
You feel yourself speed up.
Xom roars with laughter!
The goblin hits you with a +0 club.
* * * LOW HITPOINT WARNING * * *
Robin hits you with a +3 short sword of venom.
You die...

#..## #### #...#
######..## #.#..
.........## #.###
########..# #>###
###.######....
#.............
###########)#...###.####
#.....g@gg).###.##..# ##
..########### #.#...# #.
#.#..####. #......... ##
####.##..###. ...
.............
....#####......###
.......#.......#
..............<#


You could see Robin and 2 goblins.

Vanquished Creatures
  A gnoll (D:1)
  2 adders (D:2)
  4 dart slugs (D:1)
  3 ball pythons (D:1)
  3 bats (D:1)
  2 endoplasms (D:1)
  2 giant cockroaches (D:1)
  5 goblins
  5 hobgoblins
  3 quokkas (D:1)
  5 frilled lizards
  2 kobolds (D:1)
  5 rats (D:1)
42 creatures vanquished.

Notes
Turn   | Place    | Note
-------+----------+-------------------------------------------
     0 | D:1      | dolemite99 the Djinni Chaos Knight began the quest for the
                  | Orb.
     0 | D:1      | Reached XP level 1. HP: 20/20 MP: 0/0
   178 | D:1      | Reached skill level 3 in Long Blades
   295 | D:1      | Reached XP level 2. HP: 23/25 MP: 0/0
   384 | D:1      | XOM: silly message
   528 | D:1      | Reached XP level 3. HP: 30/30 MP: 0/0
   528 | D:1      | Learned a level 1 spell: Pain
   578 | D:1      | XOM: noise
   723 | D:1      | XOM: silly message
   917 | D:1      | Reached skill level 4 in Long Blades
  1237 | D:1      | Reached XP level 4. HP: 35/35 MP: 0/0
  1382 | D:1      | XOM: silly message
  1759 | D:2      | Noticed Robin
  1779 | D:2      | Slain by Robin

Illustrated notes

Levels and vault maps discovered:
D:1:      lemuel_arrival_hallway, layout_basic
D:2:      minmay_diamond_boxcup, layout_rooms,
          hellmonk_ecumenical_altar_zigzags, uniq_robin

Skill      XL: |  1  2  3 |
---------------+----------+-----
Long Blades    | 3 4 |  4.6
Fighting       | |  3.0
Armour         | |  1.0
Dodging        | |  2.1

Action                   |  1- 3 |  4- 6 || total
-------------------------+-------+-------++-------
Melee: Long sword        |     7 |       ||     7
       Falchion          |    95 |    23 ||   118
       Punch             |     2 |       ||     2
Evoke: Piece from Xom's  |    17 |     1 ||    18
  Use: Potion            |       |     2 ||     2
 Stab: Petrified         |     1 |       ||     1
       Paralysed         |     1 |       ||     1
Armor: Leather armour    |    53 |       ||    53
       Scale mail        |       |    18 ||    18
Dodge: Dodged            |    77 |    13 ||    90

Table legend: (Time is in decaauts)
 A = Elapsed time spent in this place.
 B = Non-inter-level travel time spent in this place.
 C = Inter-level travel time spent in this place.
 D = Time resting spent in this place.
 E = Time spent auto-exploring this place.
 F = Levels seen in this place.
 G = Mean time per level.
                   A        B        C        D        E       F      G
               +--------+--------+--------+--------+--------+-----+--------+
         Total |   1791 |   1690 |    101 |    112 |   1220 |   2 |  895.5 |
       Dungeon |   1791 |   1690 |    101 |    112 |   1220 |   2 |  895.5 |
               +--------+--------+--------+--------+--------+-----+--------+

Top non-repeatable levels by time:
     D:1: 1655 daAuts
     D:2: 135 daAuts
